Cogmind - Beta 11 X5 @@@ ROGUE MODE // 2021.07.11 @ 23:51:26 Player: Exp. Geonium Core Result: Self-destructed Performance ------------- Evolutions (3) 1500 Regions Visited (5) 1000 Robots Destroyed (1) 5 Value Destroyed (16) 16 Prototype IDs (0) 0 Alien Tech Used (0) 0 Bonus (470) 470 TOTAL SCORE: 2991 Bonus ------- Pacifist 470 Cogmind --------- Core Integrity 419/700 Matter 224/300 Energy 100/100 System Corruption 1% Temperature Cool (0) Movement Core (50) Location -7/Lower Caves Parts ------- > --- POWER (1) -------- (None) > --- PROPULSION (2) --- (None) > --- UTILITY (8) ------ Improved Salvage Targeting Computer Improved Salvage Targeting Computer Improved Salvage Targeting Computer Improved Salvage Targeting Computer Melee Analysis Suite Melee Analysis Suite Melee Analysis Suite Hacking Suite > --- WEAPON (2) ------- (None) > --- INVENTORY (5) ---- Hacking Suite Gauss Cannon Peak State ------------ > --- POWER ------------ (None) > --- PROPULSION ------- (None) > --- UTILITY ---------- Improved Salvage Targeting Computer Improved Salvage Targeting Computer Improved Salvage Targeting Computer Improved Salvage Targeting Computer Melee Analysis Suite Melee Analysis Suite Melee Analysis Suite Hacking Suite > --- WEAPON ----------- (None) > --- INVENTORY -------- Hacking Suite Gauss Cannon [Rating: 28] Favorites ----------- Power None Propulsion Light Treads Treads Light Treads Utility Improved Salvage Targeting Computer Processor Improved Salvage Targeting Computer Hackware Hacking Suite Weapon Medium Laser Energy Gun Medium Laser Build | -11 -10 -9 -8 -7 -7 ------- Run | Scr Mat Mat Mat Fac Low Slots Evolved 6 | . . 2 2 2 . Power . | . . . . . . Propulsion . | . . . . . . Utility 6 | . . 2 2 2 . Weapon . | . . . . . . Parts Attached 12 | 2 . . 5 5 . Power . | . . . . . . Engine . | . . . . . . Core . | . . . . . . Reactor . | . . . . . . Propulsion 1 | 1 . . . . . Treads 1 | 1 . . . . . Leg . | . . . . . . Wheel . | . . . . . . Hover . | . . . . . . Flight . | . . . . . . Utility 10 | . . . 5 5 . Device . | . . . . . . Storage . | . . . . . . Processor 8 | . . . 5 3 . Hackware 2 | . . . . 2 . Protection . | . . . . . . Artifact . | . . . . . . Weapon 1 | 1 . . . . . Energy Gun 1 | 1 . . . . . Energy Cannon . | . . . . . . Ballistic Gun . | . . . . . . Ballistic Cannon . | . . . . . . Launcher . | . . . . . . Special Weapon . | . . . . . . Impact Weapon . | . . . . . . Slashing Weapon . | . . . . . . Piercing Weapon . | . . . . . . Special Melee Weapon . | . . . . . . Unidentified Prototypes . | . . . . . . Parts Lost 4 | . . . . 4 . Power . | . . . . . . Propulsion 1 | . . . . 1 . Utility 2 | . . . . 2 . Weapon 1 | . . . . 1 . Highest Loss Streak 3 | . . . . 3 . Average Slot Usage (%) 45 | . 28 22 60 56 . Treads 7 | . 14 11 9 2 . Processor 25 | . . . 42 38 . Hackware 3 | . . . . 9 . Energy Gun 8 | . 14 11 9 4 . Naked Turns . | . . . . . . Heaviest Build 2 | 2 2 2 2 2 . Greatest Support 3 | 3 3 3 3 3 . Greatest Overweight (x) . | . . . . . . Average Overweight (x) . | . . . . . . Largest Inventory Capacity 5 | 5 5 5 5 5 . Average Capacity 5 | 5 5 5 5 5 . Most Carried 4 | 4 . . 1 2 . Average Carried . | 2 . . . . . Final Capacity 5 | 5 5 5 5 5 5 Final Carried 2 | . . . 1 2 2 Class Distribution -------------------- 88% | Mutant 11% | Hacker-Mutant Dominant Class ---------------- Mutant | -10/Materials Mutant | -9/Materials Mutant | -8/Materials Mutant | -7/Factory Mutant | -7/Lower Caves Resources | -11 -10 -9 -8 -7 -7 ----------- Run | Scr Mat Mat Mat Fac Low Matter Collected 220 | 200 . . 20 . . Remotely . | . . . . . . Salvage Created 20 | . . . 20 . . Parts 3 | . . . 3 . . Haulers Intercepted . | . . . . . . Recyclers Shooed . | . . . . . . Parts Field Recycled . | . . . . . . Retrieved Matter . | . . . . . . Parts Self-Destructed . | . . . . . . Prevented . | . . . . . . Kills | -11 -10 -9 -8 -7 -7 ------- Run | Scr Mat Mat Mat Fac Low Combat Hostiles Destroyed . | . . . . . . Classes Destroyed 1 | . . . 1 . . Operator 1 | . . . 1 . . Best Kill Streak 1 | . . . 1 . . Combat Bots Only . | . . . . . . Max Kills in Single Turn 1 | . . . 1 . . Gunslinging . | . . . . . . Exploded . | . . . . . . Melee . | . . . . . . Uniques/NPCs Destroyed . | . . . . . . Combat | -11 -10 -9 -8 -7 -7 -------- Run | Scr Mat Mat Mat Fac Low Damage Taken 579 | . 10 93 . 476 . Core 331 | . . 50 . 281 . Absorbed by Shields . | . . . . . . Core Remaining (%) 96 | 100 100 87 100 . . Volleys Fired 13 | . . . 10 3 . Largest 1 | . . . 1 1 . Hottest 50 | . . . 50 50 . Shots Fired 13 | . . . 10 3 . Gun 13 | . . . 10 3 . Cannon . | . . . . . . Launcher . | . . . . . . Special . | . . . . . . Kinetic . | . . . . . . Thermal 13 | . . . 10 3 . Explosive . | . . . . . . Electromagnetic . | . . . . . . Robot Hit Streak 8 | . . . 8 1 . Robot Miss Streak 1 | . . . 1 1 . Penetration Max . | . . . . . . Secondary Targets . | . . . . . . Shots Hit Robots 10 | . . . 9 1 . Core Hits 3 | . . . 2 1 . Critical Kills . | . . . . . . Critical Parts Destroyed . | . . . . . . Critical Strikes . | . . . . . . Melee Attacks . | . . . . . . Impact . | . . . . . . Slashing . | . . . . . . Piercing . | . . . . . . Sneak Attacks . | . . . . . . Combat Hostiles . | . . . . . . Follow-up Attacks . | . . . . . . Damage Inflicted 137 | . . 15 110 12 . Guns 122 | . . . 110 12 . Cannons . | . . . . . . Explosions . | . . . . . . Melee . | . . . . . . Ramming 15 | . . 15 . . . Kinetic . | . . . . . . Thermal 122 | . . . 110 12 . Explosive . | . . . . . . Electromagnetic . | . . . . . . Impact . | . . . . . . Slashing . | . . . . . . Piercing . | . . . . . . Highest Corruption 1 | . . . 1 1 . Average Corruption 1 | . . . 1 1 . Corruption Purged . | . . . . . . Overload Shots . | . . . . . . Overflow Damage . | . . . . . . Projectiles . | . . . . . . Explosions . | . . . . . . Melee . | . . . . . . Knockbacks . | . . . . . . Impact . | . . . . . . Kinetic . | . . . . . . Secondary . | . . . . . . Self-Inflicted Damage 7 | . . 7 . . . Shots . | . . . . . . Rammed 1 | . . 1 . . . Targets Rammed 1 | . . 1 . . . Kicked . | . . . . . . Crushed . | . . . . . . Highest Temperature 19 | . . . 19 16 . Average Temperature 10 | . . . 10 11 . Received Heat Transfer 291 | . 6 48 . 237 . Siege Activations . | . . . . . . Robots Corrupted . | . . . . . . Combat Hostiles . | . . . . . . Parts Fried . | . . . . . . Impact Corruptions 1 | . . 1 . . . Robots Melted . | . . . . . . Combat Hostiles . | . . . . . . Parts Melted . | . . . . . . Heat Transferred 370 | . . . 333 37 . Parts Sabotaged . | . . . . . . Parts Stolen . | . . . . . . Parts Stripped . | . . . . . . Power Chain Reactions . | . . . . . . Missiles Intercepted . | . . . . . . Alert | -11 -10 -9 -8 -7 -7 ------- Run | Scr Mat Mat Mat Fac Low Peak Influence 80 | . 15 80 53 58 . Initial 33 | . . 5 33 23 . Average 28 | . 9 24 45 26 . Maximum Alert Level . | . . . . . . Low Security (%) 100 | 100 100 100 100 100 . Level 1 . | . . . . . . Level 2 . | . . . . . . Level 3 . | . . . . . . Level 4 . | . . . . . . Level 5 . | . . . . . . High Security . | . . . . . . Max Security . | . . . . . . Squads Dispatched 5 | . 1 . 1 3 . Investigation 1 | . . . . 1 . Extermination . | . . . . . . Reinforcement 4 | . 1 . 1 2 . Assault . | . . . . . . Garrison . | . . . . . . Intercept . | . . . . . . Construction Impeded . | . . . . . . Haulers Reinforced . | . . . . . . Cargo Convoy Interrupts . | . . . . . . Stealth | -11 -10 -9 -8 -7 -7 --------- Run | Scr Mat Mat Mat Fac Low Distress Signals 2 | . . 1 . 1 . Communications Jammed . | . . . . . . Distress Signals . | . . . . . . Times Spotted 26 | . 4 7 2 13 . Peak Tracking Total 7 | . 3 6 1 7 . Tactical Retreats 4 | . . 2 . 2 . Traps | -11 -10 -9 -8 -7 -7 ------- Run | Scr Mat Mat Mat Fac Low Traps Triggered 2 | . . . . 2 . Indirectly . | . . . . . . Trap Hack Attempts . | . . . . . . Triggered . | . . . . . . Disarmed . | . . . . . . Reprogrammed . | . . . . . . Reused . | . . . . . . Traps Extracted . | . . . . . . Installed . | . . . . . . Triggered . | . . . . . . Machines | -11 -10 -9 -8 -7 -7 ---------- Run | Scr Mat Mat Mat Fac Low Machines Disabled . | . . . . . . Max in Single Turn . | . . . . . . Machines Sabotaged . | . . . . . . Garrisons Compromised . | . . . . . . Overloaded Fab Kills . | . . . . . . Fab Network Shutdowns . | . . . . . . Hacking | -11 -10 -9 -8 -7 -7 --------- Run | Scr Mat Mat Mat Fac Low Machines Accessed 4 | . . 1 2 1 . Terminals 4 | . . 1 2 1 . Fabricators . | . . . . . . Repair Stations . | . . . . . . Recycling Units . | . . . . . . Scanalyzers . | . . . . . . Garrison Access . | . . . . . . Total Hacks 9 | . . 2 5 2 . Successful 1 | . . . 1 . . Failed 8 | . . 2 4 2 . Catastrophic 1 | . . . 1 . . Database Lockouts . | . . . . . . Manual 9 | . . 2 5 2 . Terminals 9 | . . 2 5 2 . Fabricators . | . . . . . . Repair Stations . | . . . . . . Recycling Units . | . . . . . . Scanalyzers . | . . . . . . Garrison Access . | . . . . . . Terminal Hacks . | . . . . . . Fabricator Hacks . | . . . . . . Repair Station Hacks . | . . . . . . Recycling Unit Hacks . | . . . . . . Scanalyzer . | . . . . . . Garrison Access Hacks . | . . . . . . Unauthorized Hacks 1 | . . . 1 . . Terminals 1 | . . . 1 . . Operators 1 | . . . 1 . . Fabricators . | . . . . . . Repair Stations . | . . . . . . Recycling Units . | . . . . . . Scanalyzers . | . . . . . . Garrison Access . | . . . . . . Data Cores Recovered . | . . . . . . Used . | . . . . . . Hacking Detections 4 | . . 1 2 1 . Full Trace Events 4 | . . 1 2 1 . Feedback Events 1 | . . . 1 . . Corruption 1 | . . . 1 . . Feedback Blocked . | . . . . . . Robot Schematics Acquired . | . . . . . . Robots Built . | . . . . . . Matter . | . . . . . . Time . | . . . . . . Total Robot Build Rating . | . . . . . . Part Schematics Acquired . | . . . . . . Parts Built . | . . . . . . Matter . | . . . . . . Time . | . . . . . . Total Part Build Rating . | . . . . . . Parts Repaired . | . . . . . . Time . | . . . . . . Parts Recycled . | . . . . . . Recycled Matter . | . . . . . . Retrieved Matter . | . . . . . . Retrieved Components . | . . . . . . Parts Scanalyzed . | . . . . . . Part Schematics Acquired . | . . . . . . Parts Damaged . | . . . . . . Bothacking | -11 -10 -9 -8 -7 -7 ------------ Run | Scr Mat Mat Mat Fac Low Used RIF Installer . | . . . . . . Robots Hacked . | . . . . . . Non-combat . | . . . . . . Combat . | . . . . . . Robot Hacks Applied . | . . . . . . Relay Couplers Released . | . . . . . . Robots Rewired . | . . . . . . Allies Hacked . | . . . . . . Hacks Repelled . | . . . . . . Allies | -11 -10 -9 -8 -7 -7 -------- Run | Scr Mat Mat Mat Fac Low Total Allies . | . . . . . . Largest Group . | . . . . . . Highest-Rated Group . | . . . . . . Highest-Rated Ally . | . . . . . . Total Orders . | . . . . . . Ally Attacks . | . . . . . . Total Damage . | . . . . . . Kills . | . . . . . . Allies Corrupted . | . . . . . . Allies Melted . | . . . . . . Intel | -11 -10 -9 -8 -7 -7 ------- Run | Scr Mat Mat Mat Fac Low Robot Analysis Total . | . . . . . . Derelict Logs Recovered . | . . . . . . Drone Launches . | . . . . . . Drone Recoveries . | . . . . . . Exploration | -11 -10 -9 -8 -7 -7 ------------- Run | Scr Mat Mat Mat Fac Low Turns Passed 388 | 4 57 81 101 145 . Spaces Moved 675 | 1 113 159 144 258 . Core 675 | 1 113 159 144 258 . Treads . | . . . . . . Legs . | . . . . . . Wheels . | . . . . . . Hover . | . . . . . . Flight . | . . . . . . Fastest Speed 50 | 50 50 50 50 50 . Average Speed 50 | 50 50 50 50 50 . Slowest Speed 50 | 50 50 50 50 50 . Overloaded Moves . | . . . . . . Propulsion Burnouts . | . . . . . . Robots Hopped . | . . . . . . Cave-ins Triggered . | . . . . . . Exploration Rate (%) 12 | 1 24 17 16 13 2 Regions Visited 5 Branch Regions 1 Pre-discovered Areas . | . . . . . . Known Exits Taken . | . . . . . . Unknown Exits Taken 5 | 1 1 1 1 1 . Scrap Searched . | . . . . . . Spaces Dug . | . . . . . . Terrain Destroyed . | . . . . . . Melee . | . . . . . . Projectile . | . . . . . . AOE . | . . . . . . Terrain Rammed . | . . . . . . Walls Destroyed . | . . . . . . Machines Disabled . | . . . . . . Actions | -11 -10 -9 -8 -7 -7 --------- Run | Scr Mat Mat Mat Fac Low Total 703 | 5 112 159 159 268 . Wait . | . . . . . . Move 670 | . 112 158 143 257 . Hop . | . . . . . . Pick Up 4 | . . . 1 3 . Fast Attach 8 | . . . 5 3 . Attach 4 | 2 . . . 2 . Detach . | . . . . . . Swap . | . . . . . . Drop 3 | 3 . . . . . Fire 13 | . . . 10 3 . Melee . | . . . . . . Ram 1 | . . 1 . . . Kick . | . . . . . . Crush . | . . . . . . Escape Stasis . | . . . . . . Rewire . | . . . . . . Trap . | . . . . . . Miscellaneous . | . . . . . . Route ------- -11/Scrapyard -10/Materials -9/Materials -8/Materials -7/Factory -7/Lower Caves History --------- Turn | Location | Event 1 | -11/Scrapyard | Released all parts (6) 5 | -11/Scrapyard | Discovered new exit (range 0) 5 | -11/Scrapyard | Entered Materials 56 | -10/Materials | Discovered new exit (range 12) 62 | -10/Materials | Entered another Materials area 62 | -9/Materials | Evolved 2 slots: Utility x2 140 | -9/Materials | Discovered new exit (range 3) 143 | -9/Materials | Entered another Materials area 143 | -8/Materials | Evolved 2 slots: Utility x2 242 | -8/Materials | Discovered new exit (range 5) 244 | -8/Materials | Entered Factory 244 | -7/Factory | Evolved 2 slots: Utility x2 303 | -7/Factory | Build established: Mutant 381 | -7/Factory | Discovered new exit (range 15) 386 | -7/Factory | Lost 3 parts (2u1w) 389 | -7/Factory | Entered Lower Caves 389 | -7/Lower Caves | Self-destructed Last Messages --------------- 00350_ U-05 Engineer lays Concrete. 00351_ Imp. Targeting Computer destroyed. 00353_ U-05 Engineer lays Concrete. 00354_ The unstable cave ceiling collapses. 00354_ U-05 Engineer lays Concrete. 00355_ Hacking Suite destroyed. 00356_ U-05 Engineer lays Concrete. 00357_ O-24 Administrator: "IFF HANDSHAKE FAILED. SECURING TERMINAL." 00360_ ALERT: Hostiles spotted, dispatching reinforcements to Terminal F011. 00365_ Acquired Hacking Suite. 00366_ Acquired Gauss Cannon. 00368_ Acquired Melee Analysis Suite. 00375_ Triggered Shock Trap. 00375_ The floor emits a surge of raw power. 00375_ System corrupted (+1). 00379_ W-25 Informer sends out distress signal. 00381_ EXIT=FOUND LOCATION=UNKNOWN GOAL=ESCAPE Map ----- +----------------------------------------------------+ | | | | | | | | | | | ????????????????????????????????????????????? | | ????????????????????????????????????????????? | | ????????????????????????????????????????????? | | ????????????????????????????????????????????? | | ????????????????????????????????????????????? | | ????????????????????????????????????????????? | | ????????????????????????????????????????????? | | ????????????????????????????????????????????? | | ????????????????????????????????????????????? | | ????????????????????????????????????????????? | | ????????????????????????????????????????????? | | ????????????????????????????????????????????? | | ????????????????????????????????????????????? | | ????????????????????????????????????????????? | | ?????????????#??????????????????????????????? | | ????????????## ????????????????????????????? | | ????????????# ??????????????????????????? | | ?????????????# ????????????????????????? | | ?????????????# #####?????????????????? | | ?????????????# ####??????????????? | | ?????????????# @ #??????????????? | | ?????????????# ##??????????????? | | ?????????????# ###???????????????? | | ?????????????# #?????????????????? | | ?????????????# ## #?????????????????? | | ???????????? ??# #?????????????????? | | ???????????? ##???# ?????????????????? | | ???????????? ??????# ?????????????????? | | ????????????? ???????? ##?????????????????? | | ?????????????????????? #???????????????????? | | ??????????????????????##????????????????????? | | ????????????????????????????????????????????? | | ????????????????????????????????????????????? | | ????????????????????????????????????????????? | | ????????????????????????????????????????????? | | ????????????????????????????????????????????? | | ????????????????????????????????????????????? | | ????????????????????????????????????????????? | | ????????????????????????????????????????????? | | ????????????????????????????????????????????? | | ????????????????????????????????????????????? | | ????????????????????????????????????????????? | | ????????????????????????????????????????????? | | ????????????????????????????????????????????? | | ????????????????????????????????????????????? | +----------------------------------------------------+ Best States ------------- Heat Dissipation 34 Energy Generation 5 Energy Capacity 100 Matter Stores 284 Matter Capacity 300 Sight Range 16 Terrain Scan Density 10 Evasion (%) 50 Targeting Accuracy 6 Melee Accuracy 15 Recoil Reduction 1 Salvage Targeting 8 Offensive Hacking 20 Item Schematics ----------------- None Robot Schematics ------------------ None Fabricated ------------ Nothing Alien Tech Used ----------------- None Achievements -------------- None Challenges ------------ None Game ------ Seed SmallWeldingAutocannon Manual? 0 Play Time 00:04:57 Cumulative 152.2 hours Start 2021.07.11 @ 23:46:33 End 2021.07.11 @ 23:51:26 Sessions 1 Manual Loads 0 Difficulty Rogue Special Mode None Game No. 229 Rogue 229 Adventurer 0 Explorer 0 Win Type - Total 9 Types 7/0/1/1/0/0/0/0/0 Lore% 51 Gallery% 77 Achievement% 62 Wizard Run 0 Options --------- ASCII 0 Keyboard 0 Movement Numpad Keybinds 0 Fullscreen 1 Font 18/Terminus Map View 76x50 Tactical HUD 1 Map Filters NONE Filters NONE Steam 1 RUN: 2cd0de94-34c9-4b46-9075-e20047663ed3